 Dungeon Crawl Stone Soup version 0.17.1-3-g152610e (webtiles) character file.

94896 kaze the Severer (level 15, -14/171 HPs)
             Began as a Demonspawn Berserker on Apr 13, 2016.
             Was the Champion of Trog.
             Demolished by a sun demon (16 damage)
             ... summoned by an orc high priest
             ... on level 4 of the Orcish Mines.
             The game lasted 01:06:45 (23287 turns).

kaze the Severer (Demonspawn Berserker)            Turns: 23287, Time: 01:06:45

Health: -14/171    AC: 34    Str: 21    XL:     15   Next: 64%
Magic:  0/15       EV:  2    Int: 10    God:    Trog [******]
Gold:   2214       SH:  0    Dex: 12    Spells: 0 memorised, 14 levels left

rFire  . . .     SeeInvis .     M - +14 battleaxe "Esochen" {drain, Stlth+}
rCold  . . .     Clarity  .     (armour currently unavailable)
rNeg   + + +     SustAt   .     (shield currently unavailable)
rPois  +         Gourm    +     (helmet currently unavailable)
rElec  .         Spirit   +     (cloak currently unavailable)
rCorr  .         Warding  .     (gloves currently unavailable)
rMut   .         NoTele   +     (boots currently unavailable)
MR     ++++.                    b - amulet of the gourmand
Stlth  ++++......               W - +1 ring of protection
                                v - +6 ring of protection

@: exhausted, tree-form, regenerating, slowed, drained, very slow, incredibly
resistant to hostile enchantments, stealthy
A: (claws 0), (talons 0), (thin metallic scales 0), breathe flames 1, (deformed
body), (fire resistance 0), frail 1, magic resistance 1, mutation resistance 1,
regeneration 1, teleportitis 1, weak 1, magic shield
a: Berserk, Trog's Hand, Brothers in Arms, Burn Spellbooks, Renounce Religion,
Breathe Fire


You were on level 4 of the Orcish Mines.
You worshipped Trog.
Trog was exalted by your worship.
You were full.
You were a tree.
You visited 3 branches of the dungeon, and saw 27 of its levels.

You collected 2547 gold pieces.
You spent 333 gold pieces at shops.

Inventory:

Hand Weapons
 m - a +4 broad axe of draining
 y - a +0 mace of protection
 M - the +14 battleaxe "Esochen" (weapon) {drain, Stlth+}
   (Trog gifted it to you on level 1 of the Lair of Beasts)

   A truly terrible weapon, it drains the life of those it strikes.
   It makes you more stealthy.
 O - a +8 antimagic executioner's axe
Missiles
 r - 32 tomahawks (quivered)
 R - 4 poisoned tomahawks
Armour
 e - a +2 pair of gloves (melded)
 h - a +2 cloak (melded)
 x - a +3 plate armour (melded)
 A - the +3 hat of Pondering (melded) {ponderous, MR+ MP+10 Int+5}
   (You found it on level 5 of the Dungeon)

   It affects your intelligence (+5).
   It affects your resistance to hostile enchantments.
   It affects your magic capacity (+10).
Jewellery
 a - an uncursed ring of positive energy
 b - an amulet of the gourmand (around neck)
 v - a +6 ring of protection (left branch)
 L - an uncursed ring of poison resistance
 W - a +1 ring of protection (right branch)
Wands
 d - a wand of fire (6)
 l - a wand of slowing (15)
 G - a wand of lightning (6)
 H - a wand of disintegration (12)
 J - a wand of cold (2)
 P - a wand of fireball (8)
 Q - a wand of magic darts (22)
Scrolls
 f - 3 scrolls of fog
 g - 3 scrolls of blinking
 i - 13 scrolls of identify
 j - 7 scrolls of magic mapping
 k - 2 scrolls of noise
 n - 5 scrolls of remove curse
 p - 2 scrolls of teleportation
 q - 2 scrolls of recharging
 u - 7 scrolls of fear
Potions
 w - 3 potions of agility
 z - 2 potions of brilliance
 B - a potion of lignification
 E - a potion of magic
 N - a potion of flight
 T - a potion of might
 V - a potion of curing
 X - 3 potions of haste
Miscellaneous
 s - a fan of gales
 t - a phantom mirror
 K - a crystal ball of energy
 Y - a plain deck of war {the Shadow}
Comestibles
 c - 23 royal jellies
 o - a slice of pizza
 C - 10 meat rations
 D - 7 beef jerkies
 F - 8 bread rations
 I - 23 fruits


   Skills:
 + Level 14.7(14.4) Fighting
   Level 0.5(0.2) Short Blades
 + Level 15.5(15.2) Axes
 + Level 1.6(10.8) Maces & Flails
   Level 5.4(5.3) Staves
 + Level 1.3(1.1) Throwing
 + Level 12.5(12.2) Armour
 + Level 7.0(6.8) Dodging
 + Level 3.0(2.7) Stealth


You had 14 spell levels left.
You didn't know any spells.

Dungeon Overview and Level Annotations

Branches:
Dungeon (15/15)            Temple (0/1) D:5            Lair (8/8) D:11
  Swamp (0/4) Lair:6       Spider (0/4) Lair:6        Slime (0/6) Lair:7
    Orc (4/4) D:12            Elf (0/3) Orc:3        Depths (0/5) D:15
 Vaults: D:13-14

Altars:
Cheibriados
Elyvilon
Makhleb
Nemelex Xobeh
Ru
Sif Muna
Trog
Zin
The Shining One
Beogh
Jiyva

Shops:
D:7 *   D:8 %   Orc:4 *


Innate Abilities, Weirdness & Mutations

((You have very sharp fingernails.))
((You are mostly covered in thin metallic scales (AC +3).))
((Your flesh is heat resistant.))
When hurt, damage is shared between your health and your magic reserves.
((You have razor-sharp toenails.))
You can breathe flames.
((Armour fits poorly on your strangely shaped body.))
You are frail (-10% HP).
You are resistant to hostile enchantments.
You are somewhat resistant to further mutation.
Your natural rate of healing is unusually fast.
You are occasionally teleported next to monsters.
You are weak. (Str -2)


Message History

The sixfirhy shocks you!
* * * LOW HITPOINT WARNING * * *
The orc high priest completely misses you.
You slice the orc high priest!!
The orc high priest is almost dead.
You hit the sun demon.
The sun demon is lightly wounded.
The orc high priest mumbles some strange prayers to Beogh.
The orc high priest is healed somewhat.
The sun demon hits you but does no damage.
The orc high priest hits you with a scimitar.
* * * LOW HITPOINT WARNING * * *
You slash the orc high priest!
The orc high priest is almost dead.
You slice the sun demon!!
The sun demon is severely wounded.
The sun demon hits you!
* * * LOW HITPOINT WARNING * * *
You are engulfed in flames!
You die...

#.............. .∩#
#.............) ..#
#............<. ##..
#.............. ...
#.............. #..
#.............[ ..
##.o###.............. ...
#.43o##.............. #.#
#♣##.............. #.#
##.##.............. #.#
##..##.............. #.#
###..###..............
...####.####...##
#..............
#...........###
#.........#.... ######.######
#..............
###.###########..............
#....#.....................#.


You could see an orc knight, an orc high priest, a sun demon and an orange
demon.

Vanquished Creatures
  A fire giant (D:15)
  The ghost of Endymion the Phalangite, a journeyman MfGl of Trog (D:14)
  A fire dragon (Lair:8)
  The ghost of barb4r1an the Fighter, a journeyman MiFi of Okawaru (Lair:2)
  7 hydras
  2 catoblepae
  3 centaur warriors (D:15)
  Erica (D:10)
  8 death yaks
  2 orc high priests (Orc:4)
  2 tengu warriors
  A fire crab (Lair:7)
  3 orc knights
  4 lindwurms (Lair:8)
  4 hill giants
  A wolf spider zombie (D:15)
  2 manticores (Lair:6)
  3 orc sorcerers
  17 ugly things
  3 centaur zombies
  25 elephants
  Maurice (Orc:1)
  3 gargoyles
  8 torpor snails
  The ghost of kaze the Chopper, a novice DsBe of Trog (D:5)
  9 spiny frogs
  7 black mambas
  A black mamba (shapeshifter) (D:15)
  A queen bee (Lair:4)
  The ghost of Sl000nik the Shield-Bearer, a novice GrFi of Zin (D:7)
  14 komodo dragons
  A tengu conjurer (D:15)
  6 trolls
  2 two-headed ogres (D:15)
  7 fire drakes
  15 blink frogs
  4 giant leeches (Lair:8)
  The ghost of simples the Spear-Bearer, an amateur MfBe of Trog (D:4)
  2 boulder beetles (Lair:8)
  6 slime creatures (D:15)
  A trapdoor spider zombie (D:13)
  A wraith (D:15)
  A redback (Lair:6)
  A deep elf mage (D:15)
  A water elemental (D:12)
  2 deep elf fighters (D:15)
  7 wyverns
  8 basilisks
  6 wolves
  A vampire (D:12)
  43 yaks
  2 hungry ghosts
  14 hippogriffs
  4 steam dragons
  The ghost of Sl000nik the Shield-Bearer, an amateur GrFi (D:3)
  2 soldier ants (D:10)
  6 swamp worms (Lair:6)
  3 mottled dragons
  11 porcupines
  16 water moccasins
  13 orc warriors
  2 ice beasts
  A spider (D:10)
  A necrophage (D:12)
  3 wasps (Lair:8)
  14 ogres
  4 sky beasts
  2 phantoms
  8 centaurs
  4 big kobolds
  14 crocodiles
  16 giant frogs
  4 brain worms (Lair:8)
  A wyvern zombie (D:13)
  3 scorpions
  32 killer bees
  6 electric eels
  5 crimson imps
  3 giant frog zombies
  3 jellies
  26 orc priests
  Crazy Yiuf (D:4)
  A hound (D:11)
  32 orc wizards
  13 iguanas
  2 centaur skeletons (D:11)
  8 worker ants
  5 giant frog skeletons
  16 sheep
  2 hound zombies
  A worker ant zombie (D:11)
  62 river rats
  14 adders
  2 shadow imps
  2 oozes
  An adder zombie (D:5)
  2 adder skeletons (D:5)
  18 worms
  158 orcs
  2 ball pythons
  8 giant cockroaches
  10 hobgoblins
  13 jackals
  6 quokkas
  7 bats
  5 giant geckos
  A giant gecko skeleton (D:4)
  3 giant newts
  6 goblins
  26 kobolds
  3 quokka skeletons
  A quokka zombie (D:5)
  8 rats
  9 fungi
  12 plants
938 creatures vanquished.

Vanquished Creatures (collateral kills)
  A worm (Lair:8)
1 creature vanquished.

Vanquished Creatures (others)
  A torpor snail (Lair:8)
  An orc priest (Orc:4)
  3 orc wizards
  A quokka (D:13)
  A kobold (D:14)
  14 fungi
  11 plants
32 creatures vanquished.

Grand Total: 971 creatures vanquished

Notes
Turn   | Place    | Note
--------------------------------------------------------------
     0 | D:1      | kaze the Demonspawn Berserker began the quest for the Orb.
     0 | D:1      | Reached XP level 1. HP: 18/18 MP: 1/1
    45 | D:1      | Gained mutation: You are partially covered in thin metallic scales (AC +2). [demonic ancestry]
    45 | D:1      | Reached XP level 2. HP: 24/24 MP: 2/2
   156 | D:1      | Reached ** piety under Trog
   378 | D:1      | Reached XP level 3. HP: 29/29 MP: 3/3
   975 | D:2      | Reached XP level 4. HP: 33/36 MP: 4/4
  1331 | D:2      | Reached *** piety under Trog
  1772 | D:3      | Reached XP level 5. HP: 34/42 MP: 5/5
  1855 | D:3      | Noticed Sl000nik's ghost (amateur GrFi)
  1868 | D:3      | Killed Sl000nik's ghost
  1868 | D:3      | Reached skill level 4 in Fighting
  1868 | D:3      | Reached XP level 6. HP: 48/48 MP: 6/6
  2352 | D:3      | Found a sacrificial altar of Ru.
  2404 | D:3      | Found a glowing golden altar of the Shining One.
  2404 | D:3      | Found a snail-covered altar of Cheibriados.
  2846 | D:4      | Found a deep blue altar of Sif Muna.
  2965 | D:4      | Noticed Crazy Yiuf
  2973 | D:4      | Killed Crazy Yiuf
  3015 | D:4      | Found a glowing silver altar of Zin.
  3016 | D:4      | Found a burning altar of Makhleb.
  3017 | D:4      | Noticed an angel
  3017 | D:4      | Noticed a balrug
  3363 | D:4      | Noticed simples's ghost (amateur MfBe)
  3399 | D:4      | Killed simples's ghost
  3399 | D:4      | Gained mutation: When hurt, damage is shared between your health and your magic reserves. [demonic ancestry]
  3399 | D:4      | Reached XP level 7. HP: 25/55 MP: 7/7
  3466 | D:5      | Entered Level 5 of the Dungeon
  3683 | D:5      | Noticed kaze's ghost (novice DsBe)
  3694 | D:5      | Killed kaze's ghost
  3694 | D:5      | Reached skill level 5 in Fighting
  3694 | D:5      | Reached skill level 5 in Axes
  3694 | D:5      | Reached skill level 1 in Stealth
  3838 | D:5      | Gained mutation: You have sharp fingernails. [demonic ancestry]
  3838 | D:5      | Reached XP level 8. HP: 62/62 MP: 8/8
  3850 | D:5      | Found a staircase to the Ecumenical Temple.
  4233 | D:5      | Reached skill level 1 in Staves
  4362 | D:6      | Reached **** piety under Trog
  4503 | D:6      | Reached skill level 5 in Armour
  4790 | D:6      | Got a brightly glowing rapier
  4807 | D:6      | Identified the cursed +1 rapier of the Gnat {freeze, *Corrode +Fly rC+ Str+4 SInv} (You found it on level 6 of the Dungeon)
  4855 | D:6      | Reached skill level 6 in Fighting
  5063 | D:7      | Noticed Sl000nik's ghost (novice GrFi)
  5078 | D:7      | Killed Sl000nik's ghost
  5078 | D:7      | Gained mutation: You have very sharp fingernails. [demonic ancestry]
  5078 | D:7      | Reached XP level 9. HP: 69/69 MP: 9/9
  5140 | D:7      | Reached skill level 5 in Dodging
  5815 | D:7      | Reached ***** piety under Trog
  5819 | D:7      | Found Idag's Assorted Antiques.
  5925 | D:7      | Found a sparkling altar of Nemelex Xobeh.
  6424 | D:8      | Reached skill level 7 in Fighting
  6533 | D:8      | Found Poaqatoh's Food Shop.
  6693 | D:8      | Reached skill level 5 in Staves
  6697 | D:8      | Found a bloodstained altar of Trog.
  7182 | D:9      | Gained mutation: Your flesh is heat resistant. [demonic ancestry]
  7182 | D:9      | Reached XP level 10. HP: 76/79 MP: 10/10
  7346 | D:7      | Bought a transparent battleaxe for 333 gold pieces
  7348 | D:7      | Identified the +7 battleaxe "Nyizaluy" {freeze, rF+} (You bought it in a shop on level 7 of the Dungeon)
  7540 | D:9      | Received a gift from Trog
  7837 | D:10     | Entered Level 10 of the Dungeon
  7857 | D:10     | Noticed Erica
  7867 | D:10     | Killed Erica
  8064 | D:10     | Noticed a hill giant
  8070 | D:10     | Killed a hill giant
  8070 | D:10     | Reached skill level 8 in Fighting
  8606 | D:11     | Found a staircase to the Lair.
  8648 | D:11     | Noticed a red ugly thing
  8653 | D:11     | Killed a red ugly thing
  8653 | D:11     | Reached XP level 11. HP: 87/87 MP: 11/11
  8970 | D:11     | Reached skill level 9 in Fighting
  9032 | D:11     | Gained mutation: You evolve. [mutagenic meat]
  9034 | D:11     | Gained mutation: You are frail (-10% HP). [mutagenic meat]
  9035 | D:11     | Gained mutation: You expend magic power (3 MP) to strengthen your wands. [mutagenic meat]
  9288 | D:12     | Noticed a four-headed hydra
  9925 | D:12     | HP: 1/80 [electric eel/bolt of electricity (6)]
 10199 | D:12     | Killed a five-headed hydra
 10199 | D:12     | Reached skill level 1 in Throwing
 10473 | D:12     | Gained mutation: Your muscles are strong. (Str +2) [evolution]
 10506 | D:12     | Found a staircase to the Orcish Mines.
 10683 | D:12     | Reached skill level 1 in Maces & Flails
 10740 | D:12     | Noticed a skeletal warrior
 10747 | D:12     | Reached skill level 10 in Fighting
 10911 | D:12     | Noticed a skeletal warrior
 10912 | D:12     | Noticed a skeletal warrior
 10912 | D:12     | Noticed a skeletal warrior
 10912 | D:12     | Noticed a skeletal warrior
 10954 | D:13     | Received a gift from Trog
 11084 | D:13     | Gained mutation: You are mostly covered in thin metallic scales (AC +3). [demonic ancestry]
 11084 | D:13     | Reached XP level 12. HP: 87/87 MP: 12/12
 11331 | D:13     | Noticed a hill giant
 11336 | D:13     | Killed a hill giant
 11366 | D:13     | Noticed a tengu warrior
 11371 | D:13     | Killed a tengu warrior
 11372 | D:13     | Found a white marble altar of Elyvilon.
 11719 | D:14     | Reached skill level 10 in Armour
 11809 | D:14     | Noticed Endymion's ghost (journeyman MfGl)
 11883 | D:15     | Entered Level 15 of the Dungeon
 12018 | D:15     | Lost mutation: Your muscles are strong. (Str +2) [mutagenic meat]
 12019 | D:15     | Gained mutation: You are resistant to hostile enchantments. [mutagenic meat]
 12037 | D:15     | Reached skill level 10 in Axes
 12050 | D:15     | Gained mutation: You are weak. (Str -2) [mutagenic meat]
 12051 | D:15     | Gained mutation: Armour fits poorly on your strangely shaped body. [mutagenic meat]
 12052 | D:15     | Gained mutation: Your magical capacity is low (-10% MP). [mutagenic meat]
 12053 | D:15     | Gained mutation: Your natural rate of healing is unusually fast. [mutagenic meat]
 12150 | D:15     | Noticed a centaur warrior
 12160 | D:15     | Killed a centaur warrior
 12266 | D:15     | Reached skill level 11 in Fighting
 12298 | D:15     | Gained mutation: You have sharp toenails. [mutagenic meat]
 12299 | D:15     | Gained mutation: You can breathe flames. [mutagenic meat]
 12301 | D:15     | Lost mutation: You evolve. [mutagenic meat]
 12302 | D:15     | Gained mutation: You tend to lose your temper in combat. [mutagenic meat]
 12303 | D:15     | Gained mutation: Your body sometimes deteriorates upon taking damage. [mutagenic meat]
 12365 | D:15     | Noticed a centaur warrior
 12370 | D:15     | Noticed a centaur warrior
 12372 | D:15     | Killed a centaur warrior
 12374 | D:15     | Killed a centaur warrior
 12402 | D:15     | Found a staircase to the Depths.
 12408 | D:15     | Noticed a fire giant
 12433 | D:15     | Killed a fire giant
 12433 | D:15     | Reached XP level 13. HP: 31/95 MP: 5/11
 12970 | D:15     | Got a faintly glowing ring mail
 12981 | D:15     | Identified the +1 ring mail of Leoz {rElec MP+9} (You found it on level 15 of the Dungeon)
 13028 | D:15     | Received a gift from Trog
 13043 | D:15     | Lost mutation: Your magical capacity is low (-10% MP). [mutagenic meat]
 13045 | D:15     | Gained mutation: You have razor-sharp toenails. [mutagenic meat]
 13046 | D:15     | Lost mutation: Your body sometimes deteriorates upon taking damage. [mutagenic meat]
 13047 | D:15     | Lost mutation: You expend magic power (3 MP) to strengthen your wands. [mutagenic meat]
 13048 | D:15     | Lost mutation: You tend to lose your temper in combat. [mutagenic meat]
 13049 | D:15     | Gained mutation: You occasionally shout uncontrollably at your foes. [mutagenic meat]
 13050 | D:15     | Gained mutation: You are occasionally teleported next to monsters. [mutagenic meat]
 13051 | D:15     | Lost mutation: You occasionally shout uncontrollably at your foes. [mutagenic meat]
 13052 | D:15     | Gained mutation: You are somewhat resistant to further mutation. [mutagenic meat]
 13089 | D:15     | Reached skill level 12 in Fighting
 13439 | D:14     | Killed Endymion's ghost
 13775 | Lair:1   | Entered Level 1 of the Lair of Beasts
 14124 | Lair:1   | Received a gift from Trog
 14127 | Lair:1   | Got a twisted battleaxe {god gift}
 14128 | Lair:1   | Identified the +14 battleaxe "Esochen" {drain, Stlth+} (Trog gifted it to you on level 1 of the Lair of Beasts)
 14560 | Lair:2   | Noticed barb4r1an's ghost (journeyman MiFi)
 14572 | Lair:2   | Killed barb4r1an's ghost
 15420 | Lair:3   | Got a bloodstained great mace
 16291 | Lair:4   | Received a gift from Trog
 16536 | Lair:4   | Reached XP level 14. HP: 104/104 MP: 14/14
 17010 | Lair:5   | Reached skill level 13 in Axes
 17053 | Lair:5   | Received a gift from Trog
 17118 | Lair:5   | You fall through a shaft!
 17150 | Lair:6   | Reached ****** piety under Trog
 17193 | Lair:6   | Found a hole to the Spider Nest.
 17260 | Lair:6   | Found a staircase to the Swamp.
 18183 | Lair:6   | Received a gift from Trog
 18356 | Lair:7   | Found a viscous altar of Jiyva.
 18356 | Lair:7   | Found a staircase to the Slime Pits.
 18504 | Lair:7   | Reached skill level 14 in Axes
 18861 | Lair:7   | Found a dark tunnel.
 19032 | Lair:8   | Entered Level 8 of the Lair of Beasts
 19105 | Lair:8   | Found a runed door.
 19128 | Lair:8   | Received a gift from Trog
 19166 | Lair:8   | Reached XP level 15. HP: 112/112 MP: 15/15
 19573 | Lair:8   | Received a gift from Trog
 20521 | Lair:8   | Reached skill level 15 in Axes
 21744 | Orc:1    | Entered Level 1 of the Orcish Mines
 21779 | Orc:1    | Received a gift from Trog
 21900 | Orc:1    | Found a roughly hewn altar of Beogh.
 22120 | Orc:1    | Noticed Maurice
 22130 | Orc:1    | Killed Maurice
 22584 | Orc:3    | Received a gift from Trog
 22658 | Orc:3    | Found a staircase to the Elven Halls.
 22920 | Orc:4    | Entered Level 4 of the Orcish Mines
 23227 | Orc:4    | Found Xaoc's Assorted Antiques.
 23287 | Orc:4    | HP: 2/171 [sun demon[an orc high priest] (12)]
 23287 | Orc:4    | Demolished by a sun demon

Action                   |  1- 3 |  4- 6 |  7- 9 | 10-12 | 13-15 || total
-------------------------+-------+-------+-------+-------+-------++-------
Melee: Hand axe          |   112 |   149 |       |       |       ||   261
       War axe           |       |    68 |       |       |       ||    68
       Quarterstaff      |       |    27 |   411 |    24 |       ||   462
       Rapier            |       |       |    37 |       |       ||    37
       Battleaxe         |       |       |       |   531 |  1073 ||  1604
       Mace              |       |       |       |   143 |       ||   143
Throw: Tomahawk          |       |       |       |    19 |       ||    19
Invok: Berserk           |     4 |     4 |     6 |    15 |     9 ||    38
       Trog's Hand       |       |     3 |     1 |    11 |     4 ||    19
       Burn Spellbooks   |       |       |     1 |     3 |     3 ||     7
       Brothers in Arms  |       |       |       |       |     1 ||     1
  Use: Potion            |     1 |     1 |     4 |     9 |     6 ||    21
       Scroll            |       |     6 |     8 |    12 |    10 ||    36
 Stab: Confused          |       |     1 |       |       |       ||     1
       Invisible         |       |       |     2 |       |       ||     2
       Petrifying        |       |       |     2 |       |       ||     2
       Paralysed         |       |       |     1 |       |       ||     1
  Eat: Bread ration      |     1 |       |     1 |       |       ||     2
       Chunk             |       |     6 |    20 |    55 |    63 ||   144
       Meat ration       |       |     1 |     1 |     1 |       ||     3
       Beef jerky        |       |       |     2 |       |       ||     2
       Royal jelly       |       |       |       |     2 |       ||     2
